 Dungeon Sprint DCSS version 0.19.5 (console) character file.

0 itsmu the Sneak (level 1, -3/16 HPs)
             Began as a Naga Air Elementalist on Mar 11, 2017.
             Slain by a kobold
             ... wielding a +0 whip
              (5 damage)
             ... in the Dungeon (Sprint VI: "Thunderdome").
             The game lasted 00:00:38 (27 turns).

itsmu the Sneak (Naga Air Elementalist)               Turns: 27, Time: 00:00:39

Health: -3/16      AC:  1    Str: 10    XL:     1   Next: 20%
Magic:  3/3        EV: 10    Int: 15    God:
Gold:   80         SH:  0    Dex: 11    Spells: 1 memorised, 3 levels left

rFire  . . .     SeeInvis +     a - +0 broad axe
rCold  . . .     Gourm    .     n - +0 robe
rNeg   . . .     Faith    .     (no shield)
rPois  +         Spirit   .     (no helmet)
rElec  .         Reflect  .     (no cloak)
rCorr  .         Harm     .     (no gloves)
MR     .....     NoTele   +     (no barding)
Stlth  ++........               (no amulet)
                                (no ring)
                                (no ring)

@: short of breath, very slow
A: see invisible, deformed body, poison resistance, slowness 2, slow metabolism
1, spit poison 1, AC +0
a: Spit Poison


You were in the Dungeon.
You were not hungry.

You visited 1 branch You collected 200 gold pieces.
You spent 120 gold pieces at shops.

Inventory:

Hand Weapons
 a - a +0 broad axe (weapon)
   (You bought it in a shop in the Dungeon)
Armour
 n - a +0 robe (worn)
Wands
 j - a wand of acid (5/15)
   (You found it in the Dungeon)
 k - a wand of iceblast (5/15)
   (You found it in the Dungeon)
Scrolls
 i - 4 scrolls of blinking
 l - 3 scrolls of fog
Potions
 d - a potion of curing
 e - 4 potions of heal wounds
 f - 4 potions of haste
 g - 2 potions of magic
 h - a potion of berserk rage
 m - a potion of resistance
Books
 b - a book of Air

   Spells                             Type                      Level
   a - Shock                          Conjuration/Air              1
   b - Swiftness                      Charms/Air                   2
   c - Repel Missiles                 Charms/Air                   2
   d - Static Discharge               Conjuration/Air              3
   e - Lightning Bolt                 Conjuration/Air              5
Comestibles
 c - a bread ration


   Skills:
 + Level 0.4 Fighting
 * Level 1.0 Axes
 + Level 1.7 Dodging
 - Level 3.0 Stealth
 + Level 2.1 Spellcasting
 + Level 1.1 Conjurations
 + Level 3.0 Air Magic


You had 3 spell levels left.
You knew the following spells:

 Your Spells              Type           Power        Failure   Level  Hunger
a - Shock                 Conj/Air       #...         12%         1    #......


Dungeon Overview and Level Annotations

Branches:
Dungeon (1/1)

Altars:
Cheibriados
Kikubaaqudgha
Makhleb
Ru
Trog
Uskayaw
Vehumet
Yredelemnul
Jiyva

Shops:
D **[(


Innate Abilities, Weirdness & Mutations

You cannot wear boots.
Your serpentine skin is tough. (AC +0)
You have supernaturally acute eyesight. (SInv)
Armour fits poorly on your strangely shaped body.
Your system is resistant to poisons. (rPois)
You cover ground very slowly.
You have a slow metabolism.
You can spit poison.


Message History

Found a viscous altar of Jiyva.
You closely miss the rat. The rat closely misses you.
The kobold throws a stone.
The stone barely misses you.
You closely miss the rat. The rat bites you.
The kobold throws a stone.
The stone completely misses you. The rat bites you.
You hit the rat but do no damage. The rat bites you. The rat misses you.
You hit the rat but do no damage. You barely miss the kobold.
The kobold hits you but does no damage. The rat closely misses you.
The kobold hits you with a whip.
* * * LOW HITPOINT WARNING * * *
You closely miss the kobold. You hit the rat.
You kill the rat!
Your Axes skill increases to level 1!
The kobold hits you with a whip.
* * * LOW HITPOINT WARNING * * *
Press: ? - help, Shift-Dir - straight line, f - kobold
Aim: a kobold, wielding a whip The splash of poison misses the kobold.
You feel slightly more hungry. The kobold hits you with a whip.
You die...

..###.. ...... ...
#...# ...... ....
#.<.# ......
....###...###......
.......###.........
.....8. #.8.......
_......###......___
#.8..K......8.###
#⌠...†M......⌠#
###.........###
#_......(.#
#_.....†._#
#_......._#
#∩.......∩#
##∩.....∩##
##.....## ##⌠⌠⌠##


You could see a kobold.

Vanquished Creatures
  2 rats (D)
2 creatures vanquished.

Notes
Turn   | Place    | Note
-------+----------+-------------------------------------------
     0 | D        | itsmu the Naga Air Elementalist began the quest for the Orb.
     0 | D        | Reached XP level 1. HP: 15/15 MP: 3/3
     2 | D        | Found a basalt altar of Yredelemnul.
     3 | D        | Found a radiant altar of Vehumet.
     3 | D        | Found a snail-covered altar of Cheibriados.
     4 | D        | Found a hide-covered altar of Uskayaw.
     4 | D        | Found a sacrificial altar of Ru.
     4 | D        | Round 1.
     5 | D        | Found an ancient bone altar of Kikubaaqudgha.
     5 | D        | Found a burning altar of Makhleb.
     5 | D        | Found Fulah's Weapon Rack.
     5 | D        | Found Zuasch's Premium Goods.
     6 | D        | Found a bloodstained altar of Trog.
     6 | D        | Found Olusief's Basic Armour.
     6 | D        | Found Viwuivecs's Miscellaneous Merchandise.
    15 | D        | Bought a +0 broad axe for 120 gold pieces
    21 | D        | Found a viscous altar of Jiyva.
    26 | D        | Reached skill level 1 in Axes
    27 | D        | Slain by a kobold

Skill      XL: |  1 |
---------------+----+-----
Axes           | 1 |  1.0
Fighting       | |  0.4
Dodging        | |  1.7
Stealth        | |  3.0
Spellcasting   | |  2.1
Conjurations   | |  1.1
Air Magic      | |  3.0

Action                   || total
-------------------------++-------
Melee: Broad axe         ||     6
 Abil: Spit Poison       ||     1
Dodge: Dodged            ||     6
